 Dungeon Crawl Stone Soup version 0.28-a0-980-g3664467d6e (webtiles) character file.

Game seed: 113691887079931208

94 MacCMillion the Changer (level 4, 0/33 HPs)
             Began as a Merfolk Transmuter on Dec 2, 2021.
             Slain by a hobgoblin (1 damage)
             ... led by Robin
             ... on level 2 of the Dungeon on Dec 3, 2021.
             The game lasted 00:09:20 (3578 turns).

MacCMillion the Changer (Merfolk Transmuter)        Turns: 3578, Time: 00:09:21

Health: 0/33       AC:  2    Str: 10    XL:     4   Next: 63%
Magic:  7/7        EV: 13    Int: 14    God:
Gold:   133        SH:  0    Dex: 14    Spells: 6/7 levels left

rFire   + . .      SeeInvis .     - Unarmed
rCold   + . .      Faith    .   (no shield)
rNeg    . . .      Spirit   .   a - +0 robe
rPois   +          Reflect  .   (helmet currently unavailable)
rElec   +          Harm     .   (no cloak)
rCorr   +          Rampage  .   (no gloves)
Will    .....                   (boots currently unavailable)
Stlth   +.........              (no amulet)
HPRegen 0.11/turn               (no ring)
MPRegen 0.10/turn               (no ring)

@: appendages, resistant
A: horns 2, (nimble swimmer 2), mertail
a: End Transformation


You were on level 2 of the Dungeon.
You had temporarily grown beastly horns.
You visited 1 branch of the dungeon, and saw 3 of its levels.

You collected 133 gold pieces.

Inventory:

Missiles
 e - 15 poisoned darts
Armour
 a - a +0 robe (worn)
Wands
 j - a wand of digging (3)
Scrolls
 c - a scroll of fog
 d - a scroll of holy word {unknown}
 h - a scroll of fear {unknown}
Potions
 b - a potion of magic {unknown}
 f - a potion of resistance
 g - a potion of flight {unknown}
 i - a potion of curing {unknown}
 k - a potion of brilliance {unknown}
 l - a potion of cancellation {unknown}


   Skills:
 + Level 2.2 Fighting
 - Level 3.1 Dodging
 + Level 4.0 Unarmed Combat
 - Level 2.0 Spellcasting
 * Level 4.5 Transmutations
 + Level 0.6 Ice Magic


You had 6 spell levels left.
You knew the following spells:

 Your Spells              Type           Power      Damage    Failure   Level
a - Beastly Appendage     Tmut           28%        N/A       3%          1

Your spell library contained the following spells:

 Spells                   Type           Power      Damage    Failure   Level
 Wereblood                Tmut           14%        N/A       5%          2
 Spider Form              Tmut/Pois      7%         N/A       28%         3
 Ensorcelled Hibernation  Hex/Ice        4%         N/A       32%         2
 Ozocubu's Armour         Ice            3%         N/A       50%         3
 Call Canine Familiar     Summ           1%         N/A       56%         3
 Portal Projectile        Hex/Tloc       2%         N/A       56%         3
 Ice Form                 Ice/Tmut       8%         N/A       63%         4
 Leda's Liquefaction      Hex/Erth       0%         N/A       93%         4
 Metabolic Englaciation   Hex/Ice        1%         N/A       99%         5
 Simulacrum               Ice/Necr       1%         N/A       100%        6


Dungeon Overview and Level Annotations

Branches:
Dungeon (3/15)

Altars:

Annotations:
D:2 Sigmund
D:3 Robin


Innate Abilities, Weirdness & Mutations

You have temporarily grown beastly horns.
((You are quick and stealthy near water. (Stealth+, EV+, Speed+++)))
Your lower body shifts to a powerful aquatic tail in water.


Message History

Level annotation: Sigmund
There is a stone staircase leading down here.
You barely miss the goblin. The goblin misses you.
The goblin hits you with a +0 dagger.
You hit the goblin.
The goblin is moderately wounded.
The goblin misses you. The goblin hits you but does no damage.
You barely miss the goblin. You headbutt the goblin.
You kill the goblin!
You closely miss the goblin. Your headbutt misses the goblin.
The goblin misses you. The hobgoblin hits you.
You hit the goblin.
You kill the goblin!
The hobgoblin hits you.
Your Unarmed Combat skill increases to level 4!
You closely miss the goblin. You headbutt the goblin.
The goblin is severely wounded.
The goblin closely misses you. The hobgoblin hits you.
* * * LOW HITPOINT WARNING * * *
Unknown command.
You hit the goblin but do no damage.
The goblin is severely wounded.
The goblin hits you with a +0 dagger.
* * * LOW HITPOINT WARNING * * *
The hobgoblin hits you.
* * * LOW HITPOINT WARNING * * *
Unknown command.
You barely miss the goblin.
The goblin is severely wounded.
The goblin closely misses you.
Unknown command.
You barely miss the goblin.
The goblin is severely wounded.
The hobgoblin hits you.
* * * LOW HITPOINT WARNING * * *
Unknown command.
It was a potion of resistance.
You feel protected. The goblin hits you but does no damage.
The hobgoblin hits you.
You die...

.####.##..#..##....#.#....# #
.####.##...........#.#.##.#######
.......#..####...................
###....#.............####.#.##.##
#.##.##.#####....#.# #.#......
#....##.....#....#.# #.#..#...
###########.##g###.# #.#..#...
#.##g###.####.#..#.##
#.##@gg..............
#.#######.#...#.##... #.#
#..<....#.##...
####'#########.....####.
#................#....#.
#......##..#............
#......##......###...###
#....................#
#######.#####.#....#.###


You could see 2 hobgoblins and 2 goblins.

Vanquished Creatures
  2 adders (D:2)
  A worm (D:2)
  5 dart slugs (D:1)
  4 endoplasms
  A giant cockroach (D:1)
  12 hobgoblins
  2 jackals (D:1)
  A quokka (D:1)
  3 ball pythons
  7 bats
  4 frilled lizards
  13 goblins
  3 kobolds
  2 rats
60 creatures vanquished.

Notes
Turn   | Place    | Note
-------+----------+-------------------------------------------
     0 | D:1      | MacCMillion the Merfolk Transmuter began the quest for the
                  | Orb.
     0 | D:1      | Reached XP level 1. HP: 15/15 MP: 3/3
   446 | D:1      | Reached XP level 2. HP: 18/21 MP: 3/5
  1078 | D:1      | Reached XP level 3. HP: 18/26 MP: 4/6
  1949 | D:2      | Noticed Sigmund
  2665 | D:2      | Reached XP level 4. HP: 26/33 MP: 5/7
  3540 | D:3      | Noticed Robin
  3577 | D:2      | HP: 1/33 [hobgoblin[Robin] (3)]
  3578 | D:2      | Slain by a hobgoblin

Illustrated notes

Levels and vault maps discovered:
D:1:      lemuel_arrival_behind_the_door_large, layout_loops_corners,
          minmay_cut_off
D:2:      cheibrodos_greedy_goblins, layout_basic, uniq_sigmund
D:3:      layout_basic, minmay_splitting_lines, minmay_misc_feat_secret_circle,
          minmay_lizard_king, uniq_robin

Skill      XL: |  1  2  3  4 |
---------------+-------------+-----
Transmutations | 3 4 |  4.5
Dodging        | 3 |  3.1
Fighting       | 2 |  2.2
Unarmed Combat | 4 |  4.0
Spellcasting   | |  2.0
Ice Magic      | |  0.6

Action                   |  1- 3 |  4- 6 || total
-------------------------+-------+-------++-------
Melee: Unarmed           |   127 |    58 ||   185
       Headbutt          |    17 |    10 ||    27
       Punch             |     1 |       ||     1
 Cast: Beastly Appendage |    27 |     8 ||    35
  Use: Scroll            |     1 |       ||     1
       Potion            |       |     1 ||     1
 Stab: Sleeping          |       |     1 ||     1
Armor: Robe              |    27 |    11 ||    38
Dodge: Dodged            |    89 |    35 ||   124

Table legend: (Time is in decaauts)
 A = Elapsed time spent in this place.
 B = Non-inter-level travel time spent in this place.
 C = Inter-level travel time spent in this place.
 D = Time resting spent in this place.
 E = Time spent auto-exploring this place.
 F = Levels seen in this place.
 G = Mean time per level.
                   A        B        C        D        E       F      G
               +--------+--------+--------+--------+--------+-----+--------+
         Total |   3566 |   3532 |     34 |    849 |   2160 |   3 | 1188.7 |
       Dungeon |   3566 |   3532 |     34 |    849 |   2160 |   3 | 1188.7 |
               +--------+--------+--------+--------+--------+-----+--------+

Top non-repeatable levels by time:
     D:1: 1804 daAuts
     D:2: 1757 daAuts
     D:3: 4 daAuts
